 Dungeon Crawl Stone Soup version 0.21-a0-221-gfe971b9 (webtiles) character file.

256 Stormphoenix the Cleaver (level 5, -2/45 HPs)
             Began as a Minotaur Berserker on Aug 26, 2017.
             Was an Elder of Trog.
             Slain by an ogre
             ... wielding a +0 giant club
              (9 damage)
             ... on level 4 of the Dungeon.
             The game lasted 00:06:44 (2921 turns).

Stormphoenix the Cleaver (Minotaur Berserker)       Turns: 2921, Time: 00:06:45

Health: -2/45      AC:  6    Str: 23    XL:     5   Next: 92%
Magic:  4/4        EV: 10    Int:  4    God:    Trog [****..]
Gold:   216        SH:  0    Dex:  9    Spells: 4/4 levels left

rFire    . . .     SeeInvis .   a - +0 hand axe
rCold    . . .     Gourm    .   (no shield)
rNeg     . . .     Faith    +   b - +0 scale mail
rPois    .         Spirit   .   (helmet restricted)
rElec    .         Reflect  .   (no cloak)
rCorr    .         Harm     .   (no gloves)
MR       .....                  (no boots)
Stlth    ..........             j - amulet of faith
HPRegen  0.15/turn              (no ring)
MPRegen  0.09/turn              (no ring)

@: no status effects
A: retaliatory headbutt, horns 2
a: Berserk, Trog's Hand, Brothers in Arms, Burn Spellbooks, Renounce Religion


You were on level 4 of the Dungeon.
You worshipped Trog.
Trog was greatly pleased with you.
You were not hungry.

You visited 1 branch of the dungeon, and saw 4 of its levels.

You collected 216 gold pieces.

Inventory:

Hand Weapons
 a - a +0 hand axe (weapon)
Armour
 b - a +0 scale mail (worn)
Jewellery
 j - an amulet of faith (around neck)
 k - an uncursed ring of protection from fire {unknown}
 r - an uncursed ring of see invisible {unknown}
Wands
 e - a wand of polymorph (11/24)
Scrolls
 d - a scroll of immolation
 i - 2 scrolls of teleportation
 l - a scroll of remove curse
 n - 2 scrolls of magic mapping
Potions
 g - a potion of lignification {unknown}
 o - a potion of berserk rage {unknown}
 p - a potion of curing
Comestibles
 c - 3 bread rations
 f - 2 royal jellies
 h - a meat ration
 m - 3 fruits


   Skills:
 - Level 3.6 Fighting
 + Level 8.1 Axes
 - Level 2.4 Armour
 - Level 2.1 Dodging


You had 4 spell levels left.
You didn't know any spells.

Dungeon Overview and Level Annotations

Branches:
Dungeon (4/15)
 Temple: D:4-7

Altars:
Qazlal


Innate Abilities, Weirdness & Mutations

You reflexively headbutt those who attack you in melee.
You have a pair of horns on your head.


Message History

An ogre comes into view. It is wielding a giant club.
The ogre shouts!
There is an open door here.
An ogre is nearby!
The ogre hits you with a giant club!!
Ouch! That really hurt!
You hit the ogre. You headbutt the ogre!
The ogre is heavily wounded.
The ogre misses you.
You hit the ogre but do no damage. You headbutt the ogre.
The ogre is severely wounded.
The ogre hits you with a giant club!
* * * LOW HITPOINT WARNING * * *
You slash the ogre! Your headbutt misses the ogre.
The ogre is almost dead.
All of the chunks of flesh in your inventory have rotted away.
Your scale mail prevents you from hitting the ogre.
The ogre is almost dead.
The ogre hits you with a giant club!
You die...

.....#.........#..........#.....#
.....#.........#..........#.....+
##..##.........##'####...######'#
##..###'####'#.......#...# #...
.....#..#....#.......+..... #...
.....#..#....'.......#...... #...
.....#..#....#.......#.......#...
######.###+#.........#..######...
######.#....####@<..## ....
.......#.... #.O..# #....
.......#.... #....# +....
.......#.... #....# .......#...
#....# ######## #....# ######


You could see an ogre.

Vanquished Creatures
  A centaur skeleton (D:4)
  An iguana (D:4)
  Natasha (thrice) (D:3)
  Robin (D:3)
  An adder (D:3)
  An ooze (D:1)
  A worm (D:3)
  2 dart slugs
  6 leopard geckos
  2 orcs (D:3)
  6 giant cockroaches
  13 goblins
  13 hobgoblins
  4 jackals (D:1)
  2 quokkas
  8 bats
  10 frilled lizards
  7 kobolds
  A leopard gecko skeleton (D:4)
  8 rats
91 creatures vanquished.

Notes
Turn   | Place    | Note
-------+----------+-------------------------------------------
     0 | D:1      | Stormphoenix the Minotaur Berserker began the quest for the Orb.
     0 | D:1      | Reached XP level 1. HP: 19/19 MP: 0/0
    77 | D:1      | Reached skill level 4 in Axes
   442 | D:1      | Reached XP level 2. HP: 16/26 MP: 1/1
   993 | D:1      | Reached ** piety under Trog
  1059 | D:1      | Reached skill level 5 in Axes
  1105 | D:1      | Reached XP level 3. HP: 31/31 MP: 2/2
  2018 | D:3      | Noticed Robin
  2026 | D:3      | Killed Robin
  2026 | D:3      | Reached skill level 6 in Axes
  2026 | D:3      | Reached XP level 4. HP: 34/39 MP: 3/3
  2028 | D:3      | Reached *** piety under Trog
  2364 | D:3      | Noticed Natasha
  2378 | D:3      | Killed Natasha
  2426 | D:3      | Noticed Natasha
  2437 | D:3      | Killed Natasha
  2437 | D:3      | Reached skill level 7 in Axes
  2437 | D:3      | Reached XP level 5. HP: 44/45 MP: 4/4
  2553 | D:3      | Found a stormy altar of Qazlal.
  2596 | D:3      | Noticed Natasha
  2602 | D:3      | Killed Natasha
  2646 | D:4      | Reached **** piety under Trog
  2708 | D:4      | Reached skill level 8 in Axes
  2914 | D:4      | Noticed an ogre
  2921 | D:4      | Slain by an ogre

Vault maps used:
D:1:      minmay_arrival_shoal_huts
D:2:      hex_tiny
D:3:      kennysheep_six_static_rooms, nicolae_qazlal_eye_of_the_storm,
          first_bread, uniq_robin, uniq_natasha

Skill      XL: |  1  2  3  4  5 |
---------------+----------------+-----
Axes           | 4 5 6 7 8 |  8.1
Fighting       | |  3.6
Armour         | |  2.4
Dodging        | |  2.1

Action                   |  1- 3 |  4- 6 || total
-------------------------+-------+-------++-------
Melee: Hand axe          |   121 |    96 ||   217
       Headbutt          |    19 |    14 ||    33
       Unarmed           |       |     2 ||     2
Invok: Berserk           |       |     1 ||     1
  Use: Scroll            |     5 |     2 ||     7
       Potion            |     2 |     1 ||     3
  Eat: Chunk             |     3 |     4 ||     7
       Fruit             |     1 |       ||     1
Armor: Animal skin       |     5 |       ||     5
       Ring mail         |     5 |       ||     5
       Scale mail        |    29 |    49 ||    78
Dodge: Dodged            |    69 |    62 ||   131

Table legend:
 A = Spawn XP
 B = Non-spawn XP
 C = Spawn XP percentage of total XP
 D = Spawn monster count
 E = Non-spawn monster count
 F = Spawn count percentage of total count
 G = Total turns spent on level
                    A         B        C        D         E        F      G
               +---------+---------+-------+---------+---------+-------+---------
         Total |       8 |     359 |   2.2 |       6 |      85 |   6.6 |  2921
               +---------+---------+-------+---------+---------+-------+---------
           D:1 |       4 |      41 |   8.9 |       3 |      23 |  11.5 |  1456
           D:2 |       1 |      31 |   3.1 |       1 |      17 |   5.6 |   461
           D:3 |       3 |     202 |   1.5 |       2 |      39 |   4.9 |   717
           D:4 |       0 |      85 |   0.0 |       0 |       6 |   0.0 |   287
               +---------+---------+-------+---------+---------+-------+---------
